 Dungeon Crawl Stone Soup version 0.29-a0-284-gf9362112df (webtiles) character file.

Game seed: 12671419938944852536

1520 spaghetti the Fighter (level 8, -8/69 HPs)
             Began as a Demonspawn Warper on Mar 24, 2022.
             Was a Follower of Uskayaw.
             Succumbed to a kobold brigand's poison
             ... on level 7 of the Dungeon.
             The game lasted 00:13:49 (7131 turns).

spaghetti the Fighter (Demonspawn Warper)           Turns: 7131, Time: 00:13:49

Health: -8/69      AC:  4    Str: 15 (16) XL:     8   Next: 54%
Magic:  12/12      EV: 11    Int: 12 (14) God:    Uskayaw [*.....]
Gold:   407        SH:  0    Dex: 13 (15) Spells: 0/13 levels left

rFire   . . .      SeeInvis .   p - +7 dagger "Qout" {flame, rN+ Str+4, short}
rCold   . . .      Faith    .   (no shield)
rNeg    + . .      Spirit   .   b - +0 leather armour
rPois   .          Reflect  .   (helmet restricted)
rElec   .          Harm     .   (no cloak)
rCorr   .          Rampage  .   m - +0 pair of gloves
Will    .....                   (no boots)
Stlth   +.........              l - amulet of magic regeneration {@e2}
HPRegen 0.21/turn               (no ring)
MPRegen 0.53/turn               (no ring)

@: mighty, lethally poisoned (-8 -> -49), attractive
A: claws 1, horns 1, powered by death 2, weakness stinger 2
a: Renounce Religion, Stomp


You were on level 7 of the Dungeon.
You worshipped Uskayaw.
Uskayaw was noncommittal.
You visited 2 branches of the dungeon, and saw 9 of its levels.

You collected 407 gold pieces.


Innate Abilities, Weirdness & Mutations

You have sharp fingernails.
You have a pair of small horns on your head.
You regenerate health from kills.
You have a tail ending in a sharp stinger.


   Skills:
 * Level 8.5 Fighting
 - Level 0.3(1.1) Short Blades
 - Level 1.7(1.8) Long Blades
 - Level 0.8 Throwing
 - Level 0.8 Armour
 - Level 1.7 Dodging
 - Level 3.0 Spellcasting
 + Level 4.8 Translocations
 + Level 5.5 Invocations


You couldn't memorise any spells.
You knew the following spells:

 Your Spells              Type           Power      Damage    Failure   Level
a - Blink                 Tloc           26%        N/A       6%          2
b - Teleport Other        Tloc           13%        N/A       12%         3
c - Gell's Gravitas       Tloc           13%        N/A       12%         3
d - Manifold Assault      Tloc           13%        N/A       75%         5

Your spell library contained the following spells:

 Spells                   Type           Power      Damage    Failure   Level
 Lesser Beckoning         Tloc           13%        N/A       12%         3
 Corpse Rot               Necr/Air       2%         N/A       41%         2
 Poisonous Vapours        Pois/Air       2%         N/A       41%         2

Inventory:

Hand Weapons
 a - a +0 falchion {long}
 f - a +1 dagger of venom {short}
   (You took it off a kobold on level 1 of the Dungeon)
 p - the +7 dagger "Qout" (weapon) {flame, rN+ Str+4, short}
   (You found it on level 2 of the Dungeon)

   It burns those it strikes, dealing additional fire damage.
   Str:       It affects your strength (+4).
   rN:        It protects you from negative energy.
Missiles
 d - 7 boomerangs of dispersal {=f!fthrowing}
 g - 83 stones (quivered) {throwing}
 k - 13 poisoned darts {throwing}
 t - 5 boomerangs {throwing}
Armour
 b - a +0 leather armour (worn)
 h - a +0 pair of boots
   (You found it on level 7 of the Dungeon)
 m - a +0 pair of gloves (worn)
   (You found it on level 2 of the Dungeon)
 s - a +1 helmet
   (You found it on level 3 of the Dungeon)
Jewellery
 l - an amulet of magic regeneration (around neck) {@e2}
   (You found it on level 1 of the Dungeon)
 v - the ring of Salvation {rF+ rC+ Will+ rCorr Slay-4}
   (You found it on level 5 of the Dungeon)

   [ring of willpower]

   Slay:      It affects your accuracy & damage with ranged weapons and melee
   (-4).
   rF:        It protects you from fire.
   rC:        It protects you from cold.
   rCorr:     It protects you from acid and corrosion.
   Will:      It increases your willpower.
Wands
 r - a wand of polymorph (3)
   (You found it on level 3 of the Dungeon)
 u - a wand of paralysis (8)
   (You found it on level 4 of the Dungeon)
 w - a wand of acid (7)
   (You found it on level 6 of the Dungeon)
Scrolls
 c - a scroll of blinking {!r}
 n - 5 scrolls of teleportation {@r4}
 o - 2 scrolls of fog
 x - a scroll of amnesia {unknown}
Potions
 e - a potion of flight

Dungeon Overview and Level Annotations

Branches:
Dungeon (8/15)             Temple (1/1) D:4
   Lair: D:8-11

Altars:
Ashenzari
Cheibriados
Dithmenos
Elyvilon
Fedhas
Gozag
Hepliaklqana
Kikubaaqudgha
Makhleb
Nemelex Xobeh
Qazlal
Ru
Sif Muna
Trog
Uskayaw
Vehumet
Wu Jian
Yredelemnul
Zin
The Shining One

Shops:
D:5 :

Annotations:
D:6 exclusion: 2 centaurs

....... #####...+..+.._.
....... #.......#..#....
...<... #.......#..#+###
...(... #.......#..#....
...(... #.......+ +##'#
.....(.####'#####.....#.
#(.....# #.....#.
#.)(.(.# ###+##+#
#.@)...#######.#
#......)........
#......#########
#......# #......#
#......# #.......
#.....### ####.#


There were no monsters in sight!


Message History

😕 HP[-9]
You take 9 damage, and now have 57/69 hp.
You hit the kobold brigand. You burn the kobold brigand.
Your tail-slap misses the kobold brigand.
You feel very sick.
The kobold brigand hits you with a +2 short sword of venom!
You are more poisoned.
You can now pass through a line of other dancers. 😮 HP[-12]
You take 12 damage, and now have 45/69 hp.
Aiming: Line Pass
Press: ? - help, Dir - move target, p - kobold brigand The kobold brigand appears confused.
You can no longer pass through a line of other dancers.
You feel very sick.
The kobold brigand barely misses you. 😮 HP[-5] MP[-4]
You take 5 damage, and now have 40/69 hp.
You lost 4 mp, and now have 8/12 mp.
You hit the kobold brigand. You burn the kobold brigand.
You feel very sick.
The kobold brigand hits you with a +2 short sword of venom!
* * * LOW HITPOINT WARNING * * *
You are lethally poisoned! 😨 HP[-14] MP[+1]
You take 14 damage, and now have 26/69 hp.
MASSIVE DAMAGE!! (PAUSE)
You are lethally poisoned (26 -> -5).
Your movement speed is average.
Your attack delay is about 0.9.
Your base attributes are Str 12, Int 14, Dex 15.
Okay, then.
Press: ? - help, v - describe, . - travel
Here: a kobold brigand, wielding a +2 short sword of venom and quivering poisoned darts (severely wounded, confused)
The floor, spattered with blood.
* * * LOW HITPOINT WARNING * * *
You feel extremely sick.
The kobold brigand seems less confused. 😨 HP[-7]
You take 7 damage, and now have 19/69 hp.
It was a potion of might.
You feel very mighty all of a sudden.
* * * LOW HITPOINT WARNING * * *
You feel very sick.
The kobold brigand hits you with a +2 short sword of venom.
* * * LOW HITPOINT WARNING * * *
You are more poisoned. 😱 HP[-10] MP[+1]
You take 10 damage, and now have 9/69 hp.
It was a potion of heal wounds.
You feel much better.
* * * LOW HITPOINT WARNING * * *
You feel extremely sick.
The kobold brigand hits you with a +2 short sword of venom.
* * * LOW HITPOINT WARNING * * *
You are more poisoned. 😨 HP[+11]
You regained 11 hp, and now have 20/69 hp.
You are mighty.
You are lethally poisoned (20 -> -14).
Your movement speed is average.
Your attack delay is about 0.9.
Your base attributes are Str 12, Int 14, Dex 15.
You feel much better.
You feel extremely sick.
The kobold brigand hits you with a +2 short sword of venom!
* * * LOW HITPOINT WARNING * * *
You are lethally poisoned! 😨 HP[+7] MP[+1]
You regained 7 hp, and now have 27/69 hp.
You are mighty.
You are lethally poisoned (27 -> -17).
Your movement speed is average.
Your attack delay is about 0.9.
Your base attributes are Str 12, Int 14, Dex 15.
It was a potion of attraction.
You feel attractive to monsters.
* * * LOW HITPOINT WARNING * * *
You feel extremely sick.
The kobold brigand hits you with a +2 short sword of venom!
* * * LOW HITPOINT WARNING * * *
You are more poisoned. 😱 HP[-16] MP[+1]
You take 16 damage, and now have 11/69 hp.
MASSIVE DAMAGE!! (PAUSE)
Your mp is fully restored (12).
You are mighty.
You are lethally poisoned (11 -> -40).
You attract monsters toward you.
Your movement speed is average.
Your attack delay is about 0.9.
Your base attributes are Str 12, Int 14, Dex 15.
You puncture the kobold brigand! You burn the kobold brigand.
You kill the kobold brigand!
* * * LOW HITPOINT WARNING * * *
You feel extremely sick. 😱 HP[-10]
You take 10 damage, and now have 1/69 hp.
Unknown command.
Unknown command.
Unknown command.
Unknown command.
Okay, then.
There is a lethal amount of poison in your body!
You die...

Skill      XL: |  1  2  3  4  5  6  7  8 |
---------------+-------------------------+-----
Fighting       | 3 4 5 6 7 8 |  8.5
Invocations    | 1 2 4 5 |  5.5
Translocations | 3 4 |  4.8
Spellcasting   | 3 |  3.0
Short Blades   | |  0.3
Long Blades    | |  1.7
Throwing       | |  0.8
Armour         | |  0.8
Dodging        | |  1.7

Action                   |  1- 3 |  4- 6 |  7- 9 || total
-------------------------+-------+-------+-------++-------
Melee: Dagger            |   121 |    93 |   107 ||   321
       Falchion          |     2 |       |       ||     2
       Tailslap          |     8 |    10 |    18 ||    36
       Headbutt          |       |    13 |    16 ||    29
       Punch             |       |     1 |       ||     1
Throw: Stone             |    24 |    58 |    17 ||    99
       Dart              |       |     2 |       ||     2
 Cast: Teleport Other    |       |     1 |     6 ||     7
       Blink             |       |       |     3 ||     3
Invok: Line Pass         |       |       |     1 ||     1
  Use: Scroll            |       |     7 |     2 ||     9
       Potion            |       |       |     7 ||     7
 Stab: Sleeping          |     1 |       |       ||     1
       Paralysed         |       |       |     4 ||     4
Armor: Leather armour    |    34 |    14 |    26 ||    74
Dodge: Dodged            |    71 |    45 |    60 ||   176

Levels and vault maps discovered:
D:1:      dpeg_arrival_oval, layout_basic, palyth_stone_intersect
D:2:      layout_rooms, minmay_misc_feat_ornament, minmay_heptomino_d4
D:3:      layout_loops_ring, serial_rivers, chequers_serial_rivers_marsh,
          chequers_serial_rivers_micro_b, chequers_serial_rivers_small_b,
          chequers_serial_rivers_micro_b, basic_ecumenical_altar
D:4:      layout_loops_ring, slow_altar_2, nicolae_qazlal_general_emergency,
          gammafunk_temple_overflow_statue, minmay_temple_entry_drinking_statues
D:5:      layout_gridville, nicolae_stop_n_shop_2, uniq_crazy_yiuf_cottage
D:6:      layout_loops_corners, mainiacjoe_overflow_small_starburst,
          mainiacjoe_overflow_concentric_impassable
D:7:      layout_basic, fedhas_altar_2, mainiacjoe_overflow_24_doors,
          lemuel_crystal_altar
D:8:      layout_gridville, okawaru_ov_weapons_minmay,
          nicolae_overflow_hidden_temple, erik_lair_island, minmay_microvault,
          uniq_maggie, uniq_maurice, uniq_prince_ribbit1
Temple:   chequers_temple_sunken

Notes
Turn   | Place    | Note
-------+----------+-------------------------------------------
     0 | D:1      | spaghetti the Demonspawn Warper began the quest for the
                  | Orb.
     0 | D:1      | Reached XP level 1. HP: 16/16 MP: 3/3
     0 | D:1      | magus.rc [v1.9.6]
    13 | D:1      | HP: 4/16 [poisoned by a kobold]
    16 | D:1      | HP: 1/16 [poisoned by a kobold]
   309 | D:1      | You pick up a book of Vapours and begin reading...
   309 | D:1      | You add the spells Poisonous Vapours and Corpse Rot to your
                  | library.
   627 | D:1      | You feel monstrous as your demonic heritage exerts itself.
   627 | D:1      | Discovered your monstrous ancestry.
   627 | D:1      | Gained mutation: You have a small tail. [demonic ancestry]
   627 | D:1      | Reached XP level 2. HP: 23/23 MP: 5/5
   683 | D:1      | Reached skill level 3 in Fighting
  1079 | D:1      | Gained mutation: You have a tail ending in a sharp stinger.
                  | [demonic ancestry]
  1079 | D:1      | Reached XP level 3. HP: 24/29 MP: 6/6
  1648 | D:2      | Reached skill level 4 in Fighting
  1966 | D:2      | Gained mutation: You have sharp fingernails. [demonic
                  | ancestry]
  1966 | D:2      | Reached XP level 4. HP: 37/37 MP: 7/7
  2244 | D:2      | Identified the +7 dagger "Qout" {flame, rN+ Str+4}
  2311 | D:2      | Learned a level 2 spell: Blink
  3021 | D:4      | Learned a level 3 spell: Teleport Other
  3091 | D:4      | Reached skill level 5 in Fighting
  3091 | D:4      | Gained mutation: You have a pair of small horns on your
                  | head. [demonic ancestry]
  3091 | D:4      | Reached XP level 5. HP: 44/44 MP: 8/8
  3220 | D:4      | Found a stormy altar of Qazlal.
  3322 | D:4      | Found a snail-covered altar of Cheibriados.
  3372 | D:4      | Found a staircase to the Ecumenical Temple.
  3382 | Temple   | Entered the Ecumenical Temple
  3607 | Temple   | Became a worshipper of Uskayaw the Reveller
  3717 | D:4      | Reached * piety under Uskayaw
  3830 | D:4      | Found a radiant altar of Vehumet.
  3830 | D:4      | Found a shimmering blue altar of Sif Muna.
  4132 | D:5      | Entered Level 5 of the Dungeon
  4145 | D:5      | Noticed an ogre
  4186 | D:5      | Found Habaenku's Book Shoppe.
  4238 | D:5      | Reached ** piety under Uskayaw
  4354 | D:5      | Reached skill level 1 in Invocations
  4424 | D:5      | Identified the ring of Salvation {rF+ rC+ Will+ rCorr
                  | Slay-4}
  4458 | D:6      | Reached skill level 6 in Fighting
  4458 | D:6      | Gained mutation: You regenerate a little health from kills.
                  | [demonic ancestry]
  4458 | D:6      | Reached XP level 6. HP: 48/52 MP: 9/9
  4528 | D:6      | Noticed an ice beast
  4537 | D:6      | Killed an ice beast
  4537 | D:6      | Reached *** piety under Uskayaw
  4538 | D:6      | Reached skill level 3 in Translocations
  4590 | D:6      | Reached skill level 2 in Invocations
  4720 | D:6      | Found an opulent altar of Gozag.
  4763 | D:6      | Gained mutation: You regenerate health from kills. [demonic
                  | ancestry]
  4763 | D:6      | Reached XP level 7. HP: 55/59 MP: 10/10
  4973 | D:6      | Reached skill level 3 in Invocations
  4996 | D:6      | Reached skill level 7 in Fighting
  5120 | D:6      | Learned a level 3 spell: Gell's Gravitas
  5356 | D:6      | Found a shadowy altar of Dithmenos.
  5361 | D:6      | Reached skill level 4 in Translocations
  5361 | D:6      | Reached **** piety under Uskayaw
  5364 | D:6      | Reached skill level 4 in Invocations
  5366 | D:6      | Reached ***** piety under Uskayaw
  5369 | D:6      | Reached XP level 8. HP: 68/68 MP: 10/12
  5377 | D:6      | Reached ****** piety under Uskayaw
  5676 | D:7      | Found a blossoming altar of Fedhas.
  5753 | D:8      | Reached skill level 8 in Fighting
  5753 | D:8      | Reached skill level 3 in Spellcasting
  5763 | D:7      | Learned a level 5 spell: Manifold Assault
  5894 | D:7      | HP: 14/68 [killer bee (6)]
  5894 | D:7      | HP: 6/68 [poisoned by a killer bee]
  5899 | D:7      | HP: 4/68 [poisoned by a killer bee]
  5902 | D:7      | HP: 1/68 [poisoned by a killer bee]
  6189 | D:6      | Reached skill level 5 in Invocations
  6568 | D:7      | Found an ancient bone altar of Kikubaaqudgha.
  7126 | D:7      | HP: 14/69 [poisoned by a kobold brigand]
  7130 | D:7      | HP: 1/69 [poisoned by a kobold brigand]
  7131 | D:7      | Succumbed to a kobold brigand's poison

Vanquished Creatures
  A sky beast (D:6)
  2 ice beasts (D:6)
  A kobold brigand (D:7)
  A phantom (D:6)
  4 bullfrogs
  A necrophage (D:6)
  3 killer bees (D:7)
  2 jellies (D:6)
  4 hounds
  An orc priest (D:6)
  2 iguanas (D:6)
  7 orc wizards
  6 gnolls
  4 adders
  3 shadow imps (D:6)
  A white imp (D:5)
  An ufetubus (D:2)
  2 worms
  2 dart slugs
  10 orcs
  3 endoplasms
  5 giant cockroaches
  5 goblins
  9 hobgoblins
  4 jackals
  12 kobolds
  3 quokkas
  6 ball pythons
  3 bats (D:1)
  5 frilled lizards
  A rat (D:1)
114 creatures vanquished.

Table legend:
 A = Non-vault XP
 B = Vault XP
 C = Vault XP percentage of total XP
 D = Non-vault monster count
 E = Vault monster count
 F = Vault count percentage of total count
                 A         B        C        D         E       F
            +---------+---------+-------+---------+---------+-------
      Total |    2160 |      12 |   0.6 |     109 |       5 |   4.4
            +---------+---------+-------+---------+---------+-------
        D:1 |      49 |       0 |   0.0 |      29 |       0 |   0.0
        D:2 |      72 |       7 |   8.9 |      21 |       4 |  16.0
        D:3 |      18 |       0 |   0.0 |       3 |       0 |   0.0
        D:4 |     134 |       5 |   3.6 |      12 |       1 |   7.7
        D:5 |      62 |       0 |   0.0 |       4 |       0 |   0.0
        D:6 |    1245 |       0 |   0.0 |      31 |       0 |   0.0
        D:7 |     483 |       0 |   0.0 |       8 |       0 |   0.0
        D:8 |      97 |       0 |   0.0 |       1 |       0 |   0.0
            +---------+---------+-------+---------+---------+-------

Illustrated notes

Table legend:
 A = Kills in this place as a percentage of kills in entire the game.
 B = Kills by you in this place as a percentage of kills by you in the entire game.
 C = Kills by friends in this place as a percentage of kills by friends in the entire game.
 D = Other kills in this place as a percentage of other kills in the entire game.
 E = Experience gained in this place as a percentage of experience gained in the entire game.
 F = Experience gained in this place divided by the number of levels of this place that you have seen.
                   A       B       C       D       E      F
               +-------+-------+-------+-------+-------+----------------------
         Total | 100.0 | 100.0 |   N/A |   N/A | 100.0 | 241.3
       Dungeon | 100.0 | 100.0 |   N/A |   N/A | 100.0 | 271.5
               +-------+-------+-------+-------+-------+----------------------

Table legend: (Time is in decaauts)
 A = Elapsed time spent in this place.
 B = Non-inter-level travel time spent in this place.
 C = Inter-level travel time spent in this place.
 D = Time resting spent in this place.
 E = Time spent auto-exploring this place.
 F = Levels seen in this place.
 G = Mean time per level.
                   A        B        C        D        E       F      G
               +--------+--------+--------+--------+--------+-----+--------+
         Total |   7188 |   6934 |    254 |   2162 |   3754 |   9 |  798.7 |
       Dungeon |   6883 |   6648 |    235 |   2162 |   3511 |   8 |  860.4 |
        Temple |    304 |    286 |     18 |      0 |    243 |   1 |  304.0 |
               +--------+--------+--------+--------+--------+-----+--------+

Top non-repeatable levels by time:
     D:1: 1737 daAuts
     D:6: 1495 daAuts
     D:7: 1191 daAuts
     D:4: 1072 daAuts
     D:2: 777 daAuts
     D:3: 366 daAuts
  Temple: 304 daAuts
     D:5: 232 daAuts
     D:8: 10 daAuts
